 Dungeon Crawl Stone Soup version 0.25-a0-1079-g858b6a6ff6 (webtiles) character file.

Game seed: 7431712565063136401, levelgen mode: classic

198 Amnesiac the Twirler (level 5, 0/30 HPs)
             Began as a Deep Elf Gladiator on May 15, 2020.
             Slain by a gnoll
             ... wielding a +0 halberd
              (8 damage)
             ... on level 3 of the Dungeon.
             The game lasted 00:04:14 (3064 turns).

Amnesiac the Twirler (Deep Elf Gladiator)           Turns: 3064, Time: 00:04:15

Health: 0/30       AC:  7    Str: 12    XL:     5   Next: 47%
Magic:  10/10      EV: 11    Int: 13    God:
Gold:   170        SH:  0    Dex: 16    Spells: 4/8 levels left

rFire    . . .     SeeInvis .   a - +0 quarterstaff
rCold    . . .     Gourm    .   (shield currently unavailable)
rNeg     . . .     Faith    .   i - +0 scale mail (curse)
rPois    .         Spirit   .   c - +0 helmet
rElec    .         Reflect  .   (no cloak)
rCorr    .         Harm     .   (no gloves)
MR       .....                  (no boots)
Stlth    ..........             (no amulet)
HPRegen  0.10/turn              (no ring)
MPRegen  0.12/turn              (no ring)

@: no status effects
A: no striking features
a: no special abilities


You were on level 3 of the Dungeon.
You were not hungry.

You visited 1 branch of the dungeon, and saw 3 of its levels.

You collected 170 gold pieces.

Inventory:

Hand Weapons
 a - a +0 quarterstaff (weapon)
Missiles
 d - a throwing net
 e - 105 stones (quivered)
 l - 82 arrows
Armour
 c - a +0 helmet (worn)
 i - a cursed +0 scale mail (worn)
 t - a +0 plate armour
Scrolls
 b - a scroll of enchant weapon {!r, unknown}
 g - a scroll of remove curse {!r, unknown}
 h - a scroll of random uselessness {!r, unknown}
 j - 4 scrolls of identify {!r, unknown}
 k - a scroll of fog {!r, unknown}
 m - 2 scrolls of enchant armour {!r, unknown}
 o - a scroll of teleportation {!r, unknown}
 p - 2 scrolls of blinking {!r, unknown}
Potions
 n - 2 potions of curing {!q, unknown}
 q - a potion of degeneration {!q, unknown}
 r - a potion of stabbing {!q, unknown}
 s - a potion of berserk rage {!q, unknown}
 u - a potion of lignification {!q, unknown}
Comestibles
 f - 4 rations


   Skills:
 - Level 2.1 Fighting
 + Level 4.5 Staves
 - Level 2.0 Throwing
 - Level 2.1 Armour
 - Level 4.2 Dodging
 + Level 2.2 Spellcasting


You had 4 spell levels left.
You knew the following spells:

 Your Spells              Type           Power        Failure   Level  Hunger
a - Call Imp              Summ           #.......     89%         2    ###....
v - Blink                 Tloc           N/A          89%         2    ###....

Your spell library contained the following spells:

 Spells                   Type           Power        Failure   Level  Hunger
 Magic Dart               Conj           #...         78%         1    ##.....
 Slow                     Hex            #.......     89%         2    ###....
 Conjure Flame            Conj/Fire      #.......     98%         3    ####...
 Mephitic Cloud           Conj/Pois/Air  #.......     98%         3    ####...


Dungeon Overview and Level Annotations

Branches:
Dungeon (3/15)

Altars:
Elyvilon
Wu Jian


Message History

The orc priest hits you with a +0 dagger.
You closely miss the orc priest.
The orc priest is severely wounded.
The orc priest misses you.
You barely miss the orc priest.
The orc priest is severely wounded.
The orc priest closely misses you.
You hit the orc priest.
You kill the orc priest!
Your Spellcasting skill increases to level 2!
No target in view!
No target in view!
An orc comes into view. It is wielding a +0 flail.
The orc shouts!
You hear a shout! x2
Things that are here:
a +0 dagger; an inky potion {!q}; 3 scrolls labeled XYNACV DEOMOA {!r} There isn't anything to butcher here.
Throwing (i - inventory. (/) - cycle)
e - 109 stones (quivered)
Press: ? - help, Shift-Dir - straight line, f - orc
Aim: an orc, wielding a +0 flail You throw a stone.
The stone hits the orc.
The orc is lightly wounded.
Throwing (i - inventory. (/) - cycle)
e - 108 stones (quivered)
Press: ? - help, Shift-Dir - straight line, f/p - orc
Aim: an orc, wielding a +0 flail (lightly wounded)
You throw a stone. The stone hits the orc.
The orc is heavily wounded.
Throwing (i - inventory. (/) - cycle)
e - 107 stones (quivered)
Press: ? - help, Shift-Dir - straight line, f/p - orc
Aim: an orc, wielding a +0 flail (heavily wounded)
You throw a stone. The stone hits the orc.
The orc is severely wounded.
You barely miss the orc.
The orc is severely wounded.
The orc hits you but does no damage.
Your scale mail prevents you from hitting the orc.
The orc is severely wounded.
Your scale mail prevents you from hitting the orc.
The orc is severely wounded.
The orc hits you with a +0 flail.
You sock the orc!
You kill the orc!
The gnoll closely misses you.
Throwing (i - inventory. (/) - cycle)
e - 106 stones (quivered)
Press: ? - help, Shift-Dir - straight line, f - gnoll
Aim: a gnoll, wielding a +0 halberd You throw a stone.
The stone closely misses the gnoll.
The gnoll hits you from afar with a +0 halberd.
* * * LOW HITPOINT WARNING * * *
Unknown command.
The gnoll shouts!
You hear a shout!
The gnoll barely misses you.
You hear a shout!
Things that are here:
a +0 flail; a stone You hit the gnoll.
The gnoll is lightly wounded.
The gnoll barely misses you. x2
You hit the gnoll.
The gnoll is heavily wounded.
The gnoll hits you from afar with a +0 spear!
* * * LOW HITPOINT WARNING * * *
The gnoll hits you with a +0 halberd!
You die...

#......# #.# #..
#......# #.# #..
....####.## #.# #..
.... #.# #.# #.. #....
#.# #.# #.. #...
#.####g# #.. #..
#...##.# ###
#....####)####g#
.....(gg@...##g#
....#########.#
....#########<# #######
#..........## #......
#..........# #......
#..........# #......
#......[...#####......
+..........)..รท'......
#..........#####......


You could see 2 gnolls.

Vanquished Creatures
  An orc priest (D:3)
  An orc wizard (D:2)
  5 adders
  2 gnolls
  4 dart slugs
  A leopard gecko (D:2)
  3 orcs
  9 bats
  5 giant cockroaches
  3 goblins (D:2)
  13 hobgoblins
  10 kobolds
  2 ball pythons
  2 frilled lizards
  A quokka skeleton (D:3)
  6 rats
68 creatures vanquished.

Notes
Turn   | Place    | Note
-------+----------+-------------------------------------------
     0 | D:1      | Amnesiac the Deep Elf Gladiator began the quest for the
                  | Orb.
     0 | D:1      | Reached XP level 1. HP: 12/12 MP: 3/3
   269 | D:1      | Reached XP level 2. HP: 16/16 MP: 4/4
   418 | D:1      | Reached skill level 1 in Armour
   870 | D:1      | Reached XP level 3. HP: 16/20 MP: 5/5
  1487 | D:2      | Reached XP level 4. HP: 17/26 MP: 6/6
  1902 | D:2      | Found a white marble altar of Elyvilon.
  1902 | D:2      | Found an ornate altar of the Wu Jian Council.
  2115 | D:2      | Learned a level 2 spell: Blink
  2141 | D:3      | Identified a paperback manual
  2425 | D:3      | Reached XP level 5. HP: 25/30 MP: 6/8
  2548 | D:3      | Reached skill level 1 in Spellcasting
  2557 | D:3      | Learned a level 2 spell: Call Imp
  3064 | D:3      | Slain by a gnoll

Illustrated notes

Levels and vault maps discovered:
D:1:      dpeg_arrival_round_a, layout_basic, bh_walls_and_bars
D:2:      layout_rooms, gammafunk_temple_overflow_elements, minmay_cupped
D:3:      layout_basic

Skill      XL: |  1  2  3  4  5 |
---------------+----------------+-----
Armour         | 1 2 |  2.1
Dodging        | 4 |  4.2
Fighting       | 2 |  2.1
Staves         | 4 |  4.5
Spellcasting   | 2 |  2.2
Throwing       | |  2.0

Action                   |  1- 3 |  4- 6 || total
-------------------------+-------+-------++-------
Melee: Quarterstaff      |    77 |    68 ||   145
Throw: Stone             |    94 |    88 ||   182
       Throwing net      |     3 |       ||     3
  Eat: Chunk             |     2 |     5 ||     7
Armor: Leather armour    |     9 |       ||     9
       Scale mail        |    10 |    23 ||    33
Dodge: Dodged            |    54 |    41 ||    95

Table legend:
 A = Non-vault XP
 B = Vault XP
 C = Vault XP percentage of total XP
 D = Non-vault monster count
 E = Vault monster count
 F = Vault count percentage of total count
                 A         B        C        D         E       F
            +---------+---------+-------+---------+---------+-------
      Total |     274 |       9 |   3.2 |      63 |       5 |   7.4
            +---------+---------+-------+---------+---------+-------
        D:1 |      45 |       0 |   0.0 |      25 |       0 |   0.0
        D:2 |     127 |       9 |   6.6 |      25 |       5 |  16.7
        D:3 |     102 |       0 |   0.0 |      13 |       0 |   0.0
            +---------+---------+-------+---------+---------+-------
